 Dungeon Crawl Stone Soup version 0.31-a0-496-g6f97920a28 (webtiles) character file.

Game seed: 9699114491015093193

55 randomguy2701 the Magician (level 3, -2/19 HPs)
             Began as a Deep Elf Air Elementalist on Aug 8, 2023.
             Killed from afar by an orc wizard (8 damage)
             ... with a puff of flame
             ... on level 3 of the Dungeon.
             The game lasted 00:02:06 (1827 turns).

randomguy2701 the Magician (DEAE)                   Turns: 1827, Time: 00:02:07

Health: -2/19      AC:  2    Str:  5    XL:     3   Next: 67%
Magic:  0/10       EV: 12    Int: 21    God:
Gold:   163        SH:  0    Dex: 15    Spells: 9/10 levels left

rFire   . . .        j - staff of earth
rCold   . . .        (no shield)
rNeg    . . .        a - +0 robe
rPois   .            (no helmet)
rElec   .            (no cloak)
rCorr   .            (no gloves)
SInv    .            (no boots)
Will    .....        (no amulet)
Stlth   ++           (no ring)
HPRegen 0.23/turn    (no ring)
MPRegen 0.12/turn

%: no passive effects
@: no status effects
A: no striking features
a: no special abilities


You were on level 3 of the Dungeon.
You visited 1 branch of the dungeon, and saw 3 of its levels.

You collected 163 gold pieces.

Inventory:

Armour
 a - a +0 robe (worn)
Magical Staves
 j - a staff of earth (weapon)
Scrolls
 c - a scroll of fear {unknown}
 d - 6 scrolls of identify {unknown}
 e - a scroll of vulnerability {unknown}
 f - a scroll of summoning {unknown}
 g - 6 scrolls of revelation {unknown}
 h - a scroll of teleportation {unknown}
 k - a scroll of brand weapon {unknown}
 m - a scroll of enchant armour {unknown}
Potions
 b - a potion of magic
 i - a potion of attraction {unknown}
 l - a potion of mutation {unknown}


   Skills:
 + Level 2.5 Dodging
 * Level 2.7 Stealth
 * Level 4.2 Spellcasting
 + Level 1.7 Conjurations
 + Level 3.6 Air Magic


You had 9 spell levels left.
You knew the following spells:

 Your Spells              Type           Power      Damage    Failure   Level
a - Shock                 Conj/Air       60%        1d6       4%          1

Your spell library contained the following spells:

 Spells                   Type           Power      Damage    Failure   Level
 Magic Dart               Conj           44%        1d5       6%          1
 Static Discharge         Conj/Air       30%        2-4/arc   6%          2
 Swiftness                Air            19%        N/A       8%          3
 Summon Small Mammal      Summ           16%        N/A       12%         1
 Mephitic Cloud           Conj/Pois/Air  11%        N/A       17%         3
 Call Imp                 Summ           8%         N/A       19%         2
 Sublimation of Blood     Necr           4%         N/A       19%         2
 Wereblood                Tmut           4%         N/A       19%         2
 Airstrike                Air            9%         2d(2-18)  26%         4
 Call Canine Familiar     Summ           4%         N/A       34%         3
 Summon Guardian Golem    Hex/Summ       4%         N/A       34%         3
 Summon Hydra             Summ           2%         N/A       100%        7


Dungeon Overview and Level Annotations

Branches:
Dungeon (3/15)

Altars:
Makhleb


Message History

The orc wizard hits you with a +0 dagger.
You hit the orc wizard but do no damage.
You barely miss the orc wizard.
The orc wizard is severely wounded.
The orc wizard closely misses you.
You hit the orc wizard.
You hit the orc wizard but do no damage.
The orc wizard is almost dead.
The orc wizard hits you with a +0 dagger.
You miss the orc wizard.
You hit the orc wizard but do no damage.
The orc wizard is almost dead.
The orc wizard closely misses you.
The orc wizard hits you with a +0 dagger.
You closely miss the orc wizard.
You hit the orc wizard but do no damage.
The orc wizard is almost dead.
The orc wizard barely misses you.
Casting: Shock (safe; 4% risk of failure)
Confirm with . or Enter, or press ? or * to list all spells.
Aiming: Shock (safe; 4% risk of failure)
Press: ? - help, Shift-Dir - straight line, f/p - orc wizard
Aim: an orc wizard, wielding a +0 dagger and wearing a +0 robe (almost dead, 64% to hit)
The zap hits the orc wizard.
The orc wizard is almost dead.
The orc wizard gestures wildly while chanting.
The orc wizard flickers and vanishes!
Deactivating autopickup; reactivate with Ctrl-A.
You miss something. You barely miss something.
You hear some strange, mumbled words.
A puff of flame appears from out of thin air!
The puff of flame misses you.
You closely miss something. x2; Something completely misses you.
You miss something. You closely miss something. Something hits you.
* * * LOW HITPOINT WARNING * * *
You hit something. You hit something but do no damage.
You hear some strange, mumbled words.
A puff of flame appears from out of thin air!
The puff of flame hits you!
You die...

#....##.............# #...# #
#....##.............# #######
##...............)...#####.....
#...#....#....##...........###.
#.............##......##..## ##
#...........)###.........## #
#....####....###.####...##
####.######.##.....##..##
#..........@.[...#.##
#########..{.......#
#..........# #...........#
#.........#.. #.........###
#.........# #.........#
#.......$.


There were no monsters in sight!

Vanquished Creatures
  An adder (D:2)
  2 worms
  2 orcs (D:3)
  4 ball pythons
  4 endoplasms
  2 giant cockroaches (D:1)
  3 goblins
  5 hobgoblins
  4 kobolds
  2 bats
  5 frilled lizards
  2 rats
36 creatures vanquished.

Notes
Turn   | Place    | Note
-------+----------+-------------------------------------------
     0 | D:1      | randomguy2701 the Deep Elf Air Elementalist began the quest
                  | for the Orb.
     0 | D:1      | Reached XP level 1. HP: 10/10 MP: 6/6
   409 | D:1      | Reached XP level 2. HP: 15/15 MP: 1/8
  1196 | D:2      | Reached XP level 3. HP: 19/19 MP: 7/10
  1446 | D:2      | Reached skill level 4 in Spellcasting
  1688 | D:3      | Found a burning altar of Makhleb.
  1688 | D:3      | Noticed a cacodemon
  1691 | D:3      | Noticed a smoke demon
  1691 | D:3      | Noticed an orange demon
  1827 | D:3      | Killed from afar by an orc wizard

Illustrated notes

Levels and vault maps discovered:
D:1:      lightli_arrival_boilingwater, layout_rooms
D:2:      layout_loops_cross
D:3:      layout_rooms, nemelex_spade_bored_becter, makhleb_altar_promises_db,
          minitemple, skrybe_limestone_x

Skill      XL: |  1  2  3 |
---------------+----------+-----
Spellcasting   | 4 |  4.2
Dodging        | |  2.5
Stealth        | |  2.7
Conjurations   | |  1.7
Air Magic      | |  3.6

Action                     || total
---------------------------++-------
  Melee: Unarmed           ||     1
         Staff             ||    20
         Punch             ||     1
   Cast: Shock             ||    89
 Armour: Robe              ||     3
  Dodge: Dodged            ||    13

Table legend: (Time is in decaauts)
 A = Elapsed time spent in this place.
 B = Non-inter-level travel time spent in this place.
 C = Inter-level travel time spent in this place.
 D = Time resting spent in this place.
 E = Time spent auto-exploring this place.
 F = Levels seen in this place.
 G = Mean time per level.
                   A        B        C        D        E       F      G
               +--------+--------+--------+--------+--------+-----+--------+
         Total |   1831 |   1799 |     32 |      0 |   1608 |   3 |  610.3 |
       Dungeon |   1831 |   1799 |     32 |      0 |   1608 |   3 |  610.3 |
               +--------+--------+--------+--------+--------+-----+--------+

Top non-repeatable levels by time:
     D:1: 790 daAuts
     D:2: 764 daAuts
     D:3: 276 daAuts
